 Seeded DCSS version 0.28-a0-823-gb444dcf96d (webtiles) character file.

Game seed: 20211115 (custom seed)

116 a11behringer the Cudgeller (level 4, 0/44 HPs)
             Began as a Troll Berserker on Nov 9, 2021.
             Was a Believer of Trog.
             Slain by an iguana (11 damage)
             ... on level 4 of the Dungeon.
             The game lasted 00:06:26 (2130 turns).

a11behringer the Cudgeller (Troll Berserker)        Turns: 2130, Time: 00:06:27

Health: 0/44       AC:  5    Str: 25    XL:     4   Next: 70%
Magic:  3/3        EV:  7    Int:  3    God:    Trog [**....]
Gold:   165        SH:  7    Dex: 10    Spells: 3/3 levels left

rFire   . . .      SeeInvis .   a - +1 mace
rCold   . . .      Faith    .   h - +1 kite shield
rNeg    . . .      Spirit   .   b - +0 animal skin
rPois   .          Reflect  .   (helmet restricted)
rElec   .          Harm     .   e - +0 cloak
rCorr   .          Rampage  .   (gloves unavailable)
Will    .....                   (boots unavailable)
Stlth   +.........              (no amulet)
HPRegen 1.14/turn               (no ring)
MPRegen 0.08/turn               (no ring)

@: no status effects
A: large, unfitting armour, claws 3, regeneration 1, shaggy fur 1, tough skin 1
a: Renounce Religion, Berserk, Trog's Hand


You were on level 4 of the Dungeon.
You worshipped Trog.
Trog was pleased with you.
You visited 1 branch of the dungeon, and saw 4 of its levels.

You collected 165 gold pieces.

Inventory:

Hand Weapons
 a - a +1 mace (weapon)
Missiles
 f - 10 poisoned darts (quivered)
 m - 5 datura-tipped darts
Armour
 b - a +0 animal skin (worn)
 e - a +0 cloak (worn)
 h - a +1 kite shield (worn)
Jewellery
 l - a ring of fire
 n - a ring of resist corrosion
Scrolls
 c - 2 scrolls of blinking
Potions
 d - a potion of attraction {unknown}
 i - a potion of ambrosia {unknown}
 j - a potion of mutation {unknown}
 k - 2 potions of haste
 p - a potion of curing {unknown}


   Skills:
 + Level 2.9 Fighting
 + Level 4.0 Maces & Flails
 + Level 3.0 Dodging
 + Level 0.8 Shields


You had 3 spell levels left.
You didn't know any spells.
Your spell library was empty.

Dungeon Overview and Level Annotations

Branches:
Dungeon (4/15)
 Temple: D:4-7

Altars:


Innate Abilities, Weirdness & Mutations

You are too large for most types of armour.
You have claws for hands.
Your natural rate of healing is unusually fast.
You are covered in fur. (AC +1)
You have tough skin. (AC +1)


Message History

Trog accepts your kill.
As you read the scroll labelled WALAZODOFU, it crumbles to dust.
You hear a loud clanging noise!
It was a scroll of noise.
You hear an angry hiss.
You hear a shout! x2
Unknown command.
As you read the scroll labelled ISACASHOIGH, it crumbles to dust.
It is a scroll of identify.
k - 2 potions of haste
Found a stone staircase leading down.
An endoplasm comes into view.
An endoplasm is nearby!
The endoplasm quivers.
The endoplasm freezes you.
You are frozen.
You sock the endoplasm!
You kill the endoplasm!
Trog accepts your kill.
Found 8 gold pieces.
You now have 165 gold pieces (gained 8).
A worm comes into view.
Found an escape hatch in the ceiling.
A worm is nearby!
An iguana comes into view.
Found a stone staircase leading up.
The iguana hisses angrily.
Found 3 gold pieces.
The iguana bites you!
You hit the iguana.
The iguana is lightly wounded.
The iguana bites you. The iguana bites you!
You barely miss the iguana.
The iguana is lightly wounded.
The iguana bites you.
You sock the iguana!
The iguana is severely wounded.
The iguana bites you!
* * * LOW HITPOINT WARNING * * *
The iguana bites you!
You die...

#.. .... # #.. #..###
##. #..### #...# ##
...##..#.## ###.####.##
$8..#.....###....>#...##
.......#.......#..#....#
##.....#.####.###....#
..........# #..###...#
......w@.## ..## #..##
.......l.# ...# ##..#
....<....###.#####...#
.........##..##......#
..............#...#.##
.....<....#........##
...#.....###.......#####
...##..####.............
....>........#


You could see a worm and an iguana.

Vanquished Creatures
  5 adders
  A gnoll (D:1)
  3 ball pythons (D:2)
  6 endoplasms
  12 giant cockroaches (D:2)
  3 goblins
  3 hobgoblins
  2 jackals (D:1)
  4 quokkas
  3 bats
  3 frilled lizards
  6 kobolds
  3 rats
54 creatures vanquished.

Notes
Turn   | Place    | Note
-------+----------+-------------------------------------------
     0 | D:1      | a11behringer the Troll Berserker began the quest for the
                  | Orb.
     0 | D:1      | Reached XP level 1. HP: 22/22 MP: 0/0
   134 | D:1      | Reached XP level 2. HP: 29/29 MP: 1/1
   188 | D:1      | Reached skill level 3 in Maces & Flails
   760 | D:2      | Reached XP level 3. HP: 36/36 MP: 2/2
   844 | D:2      | Reached ** piety under Trog
   875 | D:2      | Reached XP level 4. HP: 21/44 MP: 3/3
  2091 | D:4      | Reached skill level 4 in Maces & Flails
  2130 | D:4      | Slain by an iguana

Illustrated notes

Levels and vault maps discovered:
D:1:      elethiomel_arrival_quiet, layout_basic
D:2:      minmay_roachtagon, layout_basic, minmay_pentomino_x4
D:3:      layout_loops_corners
D:4:      wad_pebble_path, layout_cave_pools, pf_just_have_faith,
          gammafunk_temple_overflow_elements, serial_shops,
          nicolae_shop_overgrown_old_shop

Skill      XL: |  1  2  3  4 |
---------------+-------------+-----
Maces & Flails | 3 4 |  4.0
Dodging        | 3 |  3.0
Fighting       | |  2.9
Shields        | |  0.8

Action                   |  1- 3 |  4- 6 || total
-------------------------+-------+-------++-------
Melee: Mace              |    86 |    85 ||   171
  Use: Scroll            |     3 |     5 ||     8
Armor: Animal skin       |    61 |    33 ||    94
Dodge: Dodged            |    58 |    33 ||    91
Block: Kite shield       |    29 |    25 ||    54

Table legend: (Time is in decaauts)
 A = Elapsed time spent in this place.
 B = Non-inter-level travel time spent in this place.
 C = Inter-level travel time spent in this place.
 D = Time resting spent in this place.
 E = Time spent auto-exploring this place.
 F = Levels seen in this place.
 G = Mean time per level.
                   A        B        C        D        E       F      G
               +--------+--------+--------+--------+--------+-----+--------+
         Total |   2209 |   1972 |    237 |      0 |   1476 |   4 |  552.2 |
       Dungeon |   2209 |   1972 |    237 |      0 |   1476 |   4 |  552.2 |
               +--------+--------+--------+--------+--------+-----+--------+

Top non-repeatable levels by time:
     D:3: 806 daAuts
     D:1: 728 daAuts
     D:2: 612 daAuts
     D:4: 60 daAuts
